[Event "Late-Titled-Tuesday-Blitz-January-23-2024"]
[Site "Chess.com"]
[Date "2024.01.23"]
[Round "6"]
[White "tptagain"]
[Black "cthulhuuu"]
[Result "1-0"]
[WhiteElo "2933"]
[BlackElo "2478"]
[TimeControl "180+1"]
[EndTime "15:04:36 PST"]
[Termination "tptagain won on time"]

1. Nf3 Nf6 2. b3 g6 3. Bb2 Bg7 4. g3 O-O 5. Bg2 d6 6. d4 Re8 7. O-O c6 8. c4 Nbd7 9. Nc3 e5 10. e3 e4 11. Nd2 d5 12. Rc1 Nf8 13. b4 Bg4 14.
Qb3 Qd7 15. Na4 Ne6 16. cxd5 cxd5 17. Nc5 Nxc5 18. dxc5 Bh3 19. b5 h5 20. c6 bxc6 21. bxc6 Qf5 22. Bxh3 Qxh3 23. Bxf6 Bxf6 24. Qxd5 Re5 25.
Qc4 Qg4 26. Kg2 Rc8 27. h3 Qf5 28. Rc2 Re6 29. Qa6 Rd6 30. Rfc1 1-0

[Event "Late-Titled-Tuesday-Blitz-January-23-2024"]
[Site "Chess.com"]
[Date "2024.01.23"]
[Round "6"]
[White "AntonSmirnov"]
[Black "GMG"]
[Result "1-0"]
[WhiteElo "2985"]
[BlackElo "2778"]
[TimeControl "180+1"]
[EndTime "15:04:37 PST"]
[Termination "AntonSmirnov won on time"]

1. e4 c5 2. Nf3 e6 3. d4 cxd4 4.
Nxd4 Nc6 5. Nb5 d6 6. c4 Nf6 7. N1c3 a6 8. Na3 b6 9. Be2 Bb7 10. O-O Nb8 11. f3 Nbd7 12. Be3 Be7 13. Qd2 O-O 14.
Rfd1 Qc7 15. Bf1 Rac8 16. Rac1 h6 17. Nc2 Qb8 18. Qf2 Bd8 19. Kh1 Bc7 20. Qg1 Kh8 21. Nd4 g5 22. b3 Rg8 23. Bd3 g4 24. Qe1 gxf3 25. gxf3 Rg6 26. Qh4 Ng8 27. Rg1 Ne5 28. Bb1 b5 29. cxb5 Bd8 30. Qh3 Kg7 31. bxa6 Ba8 32.
Ndb5 Be7 33. Ba7 Rxc3 34. Bxb8 Rxf3 35. Rxg6+ Kxg6 36. Qg2+ Kh7 37. Bxd6 Bg5 38. Bxe5 1-0

[Event "Late-Titled-Tuesday-Blitz-January-23-2024"]
[Site "Chess.com"]
[Date "2024.01.23"]
[Round "6"]
[White "shimastream"]
[Black "DavidGavrilescu18"]
[Result "1-0"]
[WhiteElo "3009"]
[BlackElo "2814"]
[TimeControl "180+1"]
[EndTime "15:04:40 PST"]
[Termination "shimastream won by checkmate"]

1. e4 c5 2. Nf3 e6 3. g3 Nc6 4.
Bg2 Nf6 5. Qe2 d5 6. e5 Nd7 7. d3 Qc7 8. Bf4 Be7 9. h4 b5 10. h5 h6 11. O-O a5 12. a4 bxa4 13. c4 dxc4 14. dxc4 Bb7 15. Nc3 Nd4 16. Nxd4 Bxg2 17.
Nxe6 Qb7 18. Nxg7+ Kf8 19. Nf5 Bh3 20. Ne3 Bxf1 21. Rxf1 Bg5 22. Bxg5 hxg5 23. Ned5 Re8 24. f4 gxf4 25. gxf4 Re6 26. Ne4 Reh6 27. Ng3 Rg8 28.
Kh2 Qc8 29. Nf5 Rh7 30. Nfe7 Qd8 31. f5 Rg5 32. Ng6+ Kg7 33. f6+ Kh6 34. Nh4 Rxh5 35. Qe3+ Rg5 36. Rg1 Qg8 37. Ne7 Kh5 38. Qh3 Rxg1 39.
Nf3# 1-0

[Event "Late-Titled-Tuesday-Blitz-January-23-2024"]
[Site "Chess.com"]
[Date "2024.01.23"]
[Round "6"]
[White "Statham_01"]
[Black "BeanScreen"]
[Result "1-0"]
[WhiteElo "2559"]
[BlackElo "2721"]
[TimeControl "180+1"]
[EndTime "15:04:41 PST"]
[Termination "Statham_01 won by resignation"]

1. e4 e5 2. Nf3 Nc6 3. Nc3 Nf6 4. Be2 Bb4 5. Nd5 Bc5 6. c3 Nxe4 7. d4 Bb6 8. Bd3 Nd6 9. Bg5 f6 10. Nxe5 Nxe5 11. dxe5 fxg5 12. exd6 O-O 13. Ne7+ Kh8 14. Qh5 g6 15. Nxg6+ Kg7 16. Nxf8 Qf6 17. O-O Kxf8 18. Rae1 Qf7 19. Qh6+ Qg7 20. Re8+ Kxe8 21. Qxg7 cxd6 22. Qg8+ Ke7 23. Qxg5+ Kf7 24. Bc4+ d5 25. Bxd5+ Kf8 26. Qd8+ Kg7 27. Qg5+ Kf8 28. Qf6+ Ke8 29. Re1+ 1-0

[Event "Late-Titled-Tuesday-Blitz-January-23-2024"]
[Site "Chess.com"]
[Date "2024.01.23"]
[Round "6"]
[White "GM_dmitrij"]
[Black "GoltsevDmitry2000"]
[Result "0-1"]
[WhiteElo "2990"]
[BlackElo "2828"]
[TimeControl "180+1"]
[EndTime "15:04:42 PST"]
[Termination "GoltsevDmitry2000 won by checkmate"]

1. e4 e6 2. d4 d5 3. Nc3 c5 4. exd5 exd5 5. dxc5 Nf6 6. Bb5+ Nc6 7.
Be3 Be7 8. Nf3 O-O 9. O-O Bg4 10. h3 Bh5 11. Be2 Rc8 12. Nd4 Bxe2 13. Ndxe2 Ne5 14. Bd4 Nc6 15. Bxf6 Bxf6 16. Qxd5 Qxd5 17. Nxd5 Bxb2 18.
Rab1 Ba3 19. Rxb7 Bxc5 20. Nef4 Rfd8 21. Rd1 Nd4 22. c4 Ne6 23. Nd3 Bd4 24. Ne7+ Kf8 25. Nxc8 Rxc8 26. c5 a5 27. Rb5 Bc3 28. Rc1 Nd4 29. Rxc3 Nxb5 30. Rb3 Nd4 31. Ra3 Nc6 32. Kf1 Rd8 33. Ke2 Rd5 34. Ke3 f5 35. Rb3 Nd4 36. Rb7 Nc2+ 37. Kd2 Nb4 38. Ke2 Nxd3 39. c6 Nf4+ 40.
Ke3 g5 41. c7 Rd3# 0-1

[Event "Late-Titled-Tuesday-Blitz-January-23-2024"]
[Site "Chess.com"]
[Date "2024.01.23"]
[Round "6"]
[White "GP9isback23"]
[Black "Hirna2005"]
[Result "0-1"]
[WhiteElo "2610"]
[BlackElo "2316"]
[TimeControl "180+1"]
[EndTime "15:04:42 PST"]
[Termination "Hirna2005 won on time"]

1. d4 g6 2. Nf3 Bg7 3. e3 d6 4.
Be2 Nf6 5. O-O O-O 6. b4 a5 7. b5 c5 8. bxc6 bxc6 9. Bb2 Ba6 10. c4 d5 11. Nbd2 Nbd7 12. Qc2 Rb8 13. Ba3 Re8 14. Rfc1 e5 15. Bd6 Rc8 16. Nxe5 Nxe5 17.
Bxe5 c5 18. Qa4 cxd4 19. Bxd4 dxc4 20. Nxc4 Ne4 21. Bxg7 Kxg7 22. Bf1 Qf6 23. f3 Bxc4 24. Bxc4 Nd2 25. Bb5 Rxe3 26. Bf1 Nxf1 27. Kxf1 Qa6+ 28.
Kg1 Qb6 0-1

[Event "Late-Titled-Tuesday-Blitz-January-23-2024"]
[Site "Chess.com"]
[Date "2024.01.23"]
[Round "6"]
[White "zverr1"]
[Black "TanitoluwaAps116"]
[Result "0-1"]
[WhiteElo "2516"]
[BlackElo "2713"]
[TimeControl "180+1"]
[EndTime "15:04:42 PST"]
[Termination "TanitoluwaAps116 won by checkmate"]

1. e4 c5 2. Nf3 e6 3. b3 Nc6 4.
Bb2 d5 5. Bb5 Nf6 6. exd5 exd5 7. Qe2+ Be7 8. Bxf6 gxf6 9. Nc3 Be6 10. Bxc6+ bxc6 11. Qa6 Qc7 12. O-O-O Rg8 13. Rhg1 Rg4 14. Rde1 Kd7 15.
g3 Rb4 16. Na4 Rab8 17. Qe2 Qa5 18. d3 Rxa4 19. bxa4 Qc3 20. Qe3 Bd6 21. h4 Bg4 22. d4 cxd4 23. Qxc3 dxc3 24. Re3 Ba3+ 25. Kd1 Rb1+ 26.
Ke2 Rxg1 27. Rxc3 Bb4 28. Rb3 Re1+ 29. Kd3 Re4 30. Nd2 Be2# 0-1

[Event "Late-Titled-Tuesday-Blitz-January-23-2024"]
[Site "Chess.com"]
[Date "2024.01.23"]
[Round "6"]
[White "Maect19"]
[Black "otrov-11"]
[Result "0-1"]
[WhiteElo "2322"]
[BlackElo "2488"]
[TimeControl "180+1"]
[EndTime "15:04:44 PST"]
[Termination "otrov-11 won on time"]

1. c4 Nf6 2. Nc3 e6 3. Nf3 d5 4.
e3 Be7 5. b3 O-O 6. Bb2 b6 7.
d4 Bb7 8. Bd3 Nbd7 9. O-O dxc4 10. bxc4 c5 11. Rc1 Rc8 12. d5 exd5 13. cxd5 Re8 14.
e4 Bd6 15. Re1 a6 16. Nb1 Qc7 17. Nbd2 b5 18. Nf1 Ne5 19. Nxe5 Bxe5 20. Bxe5 Qxe5 21. Ng3 c4 22. Bb1 c3 23. Nf5 g6 24. Nd4 b4 25.
Nf3 Qf4 26. Qd4 a5 27. Re3 Ng4 28. Ree1 f6 29. Bc2 Ne5 30. Nxe5 Qxe5 31. Qb6 Bxd5 32. Qxa5 Bf7 33. Qxb4 Kg7 34. Bb3 Bxb3 35. Qxb3 Rc5 36. Re3 Rec8 37. f3 Qd4 38. Re1 c2 39. Qb7+ R8c7 0-1

[Event "Late-Titled-Tuesday-Blitz-January-23-2024"]
[Site "Chess.com"]
[Date "2024.01.23"]
[Round "6"]
[White "ITheOnlyME"]
[Black "Cluke86"]
[Result "0-1"]
[WhiteElo "2382"]
[BlackElo "2271"]
[TimeControl "180+1"]
[EndTime "15:04:45 PST"]
[Termination "Cluke86 won by resignation"]

1. d4 d6 2. e4 Nf6 3. Nc3 e5 4. dxe5 dxe5 5. Qxd8+ Kxd8 6. Bg5 c6 7. Bc4 Ke8 8. a4 Bb4 9. Ne2 Nbd7 10. f3 a5 11. Kf2 h6 12. Be3 Nf8 13. Nd1 Be6 14. Bxe6 Nxe6 15.
c3 Bc5 16. Bxc5 Nxc5 17. Ke3 Ke7 18. Nf2 Rhd8 19. Nc1 Rd6 20. Ncd3 Nfd7 21. Rhd1 Rd8 22. Nxc5 Nxc5 23. Rxd6 Rxd6 24. b4 Nb3 25. Ra2 axb4 26. cxb4 Rd4 27. b5 cxb5 28. axb5 Rb4 29. Nd3 Rxb5 30.
Rb2 f6 31. f4 Kd6 32. fxe5+ fxe5 33. h4 Nd4 34. Rf2 Ke6 35. Rf8 Rb3 36. Re8+ Kf6 37. g4 Ne6 38. Kd2 Rb1 39. g5+ hxg5 40. hxg5+ Nxg5 41. Rxe5 Nf3+ 42. Kc2 Nxe5 0-1

[Event "Late-Titled-Tuesday-Blitz-January-23-2024"]
[Site "Chess.com"]
[Date "2024.01.23"]
[Round "6"]
[White "C_K_G"]
[Black "sebastianmarinp"]
[Result "1-0"]
[WhiteElo "2148"]
[BlackElo "2362"]
[TimeControl "180+1"]
[EndTime "15:04:45 PST"]
[Termination "C_K_G won on time"]

1. e4 e6 2. Nf3 d5 3. Nc3 Nf6 4.
e5 Nfd7 5. d4 c5 6. Bg5 Qb6 7.
dxc5 Bxc5 8. Qd2 h6 9. Bf4 Bb4 10.
a3 Be7 11. Bd3 Nc6 12. O-O g5 13. Bg3 g4 14. Ne1 Bg5 15. Qe2 Qxb2 16. Nxd5 exd5 17. e6 Nde5 18. exf7+ Kxf7 19. Rd1 Re8 20. Kh1 Bd7 21. Bh7 Kg7 22. Nd3 Nxd3 23. Qxd3 Qf6 24. c4 d4 25. Be4 Be6 26. Bd5 1-0

[Event "Late-Titled-Tuesday-Blitz-January-23-2024"]
[Site "Chess.com"]
[Date "2024.01.23"]
[Round "6"]
[White "VladimirKramnik"]
[Black "aa175"]
[Result "1-0"]
[WhiteElo "2941"]
[BlackElo "2679"]
[TimeControl "180+1"]
[EndTime "15:04:46 PST"]
[Termination "VladimirKramnik won by checkmate"]

1. d4 d5 2. Nf3 e6 3. e3 Nf6 4. Bd3 b6 5. O-O Bb7 6. b3 Nbd7 7. Bb2 Bd6 8. Nbd2 Qe7 9. Ne5 O-O 10. f4 Ba3 11. Bxa3 Qxa3 12. Qf3 c5 13. Qh3 g6 14. Ndf3 Ba6 15. Ng5 Rad8 16. Bxa6 Qxa6 17. Rf3 Qe2 18. Qh6 cxd4 19. exd4 Qd2 20. c3 b5 21. Raf1 b4 22. Rh3 bxc3 23. Nxh7 Nh5 24. Ng5 Ndf6 25. Rxh5 gxh5 26. Qxf6 Qxd4+ 27. Kh1 Qd2 28. Ng6 fxg6 29. Qxg6+ Kh8 30. Qh7# 1-0

[Event "Late-Titled-Tuesday-Blitz-January-23-2024"]
[Site "Chess.com"]
[Date "2024.01.23"]
[Round "6"]
[White "TimGrutter03"]
[Black "messiboca"]
[Result "0-1"]
[WhiteElo "2566"]
[BlackElo "2774"]
[TimeControl "180+1"]
[EndTime "15:04:46 PST"]
[Termination "messiboca won on time"]

1. e4 e5 2. Nf3 Nc6 3. Nc3 Nf6 4. h3 g6 5. Bb5 Bg7 6. Bxc6 bxc6 7. Nxe5 Qe7 8. d4 c5 9. Nf3 Nxe4 10. Qe2 Nxc3 11. Qxe7+ Kxe7 12. bxc3 Ba6 13. Ba3 d6 14.
O-O-O cxd4 15. Rhe1+ Kd7 16. cxd4 Rab8 17. Bb2 Bc4 18.
Kb1 Rb6 19. Nd2 Bd5 20. f3 Rhb8 21. Nb3 a5 22. a4 Bxb3 23. cxb3 Rxb3 24. Re2 c5 25.
Ka2 R3b4 26. Ka3 c4 27. Rc2 d5 28. Re1 Bf8 29. Ka2 Rxa4+ 30. Kb1 Rab4 31. Kc1 Rb3 32. Rc3 Rxb2 0-1

[Event "Late-Titled-Tuesday-Blitz-January-23-2024"]
[Site "Chess.com"]
[Date "2024.01.23"]
[Round "6"]
[White "OneTrickPony_82"]
[Black "KorolDimitriy75"]
[Result "1-0"]
[WhiteElo "2492"]
[BlackElo "2347"]
[TimeControl "180+1"]
[EndTime "15:04:46 PST"]
[Termination "OneTrickPony_82 won on time"]

1. d4 Nf6 2. c4 c5 3. d5 b5 4. cxb5 a6 5. bxa6 Bxa6 6. Nc3 g6 7. e4 Bxf1 8. Kxf1 d6 9. g3 Bg7 10. Kg2 O-O 11. Nf3 Nbd7 12. a4 Qb8 13. Re1 Qb4 14. Qc2 Nb6 15. Ra3 Rfb8 16. Rb3 Qc4 17. Bg5 h6 18. Nd2 Qxb3 19. Nxb3 hxg5 20. Nd2 Nfd7 21.
b3 Rc8 22. Nb5 c4 23. Nxc4 Nxc4 24. bxc4 Nc5 25. Qd2 Rxa4 26. Qxg5 Bf6 27. Qf4 Rxc4 28. Na7 Ra8 29. Nc6 Ra2 30. Rb1 Rcc2 31. e5 1-0

[Event "Late-Titled-Tuesday-Blitz-January-23-2024"]
[Site "Chess.com"]
[Date "2024.01.23"]
[Round "6"]
[White "nindjaxx8"]
[Black "sergiochess83"]
[Result "0-1"]
[WhiteElo "2612"]
[BlackElo "2883"]
[TimeControl "180+1"]
[EndTime "15:04:47 PST"]
[Termination "sergiochess83 won by resignation"]

1. d4 Nf6 2. c4 e6 3. Nc3 Bb4 4.
Qc2 d5 5. cxd5 exd5 6. Bg5 h6 7.
Bh4 g5 8. Bg3 Nc6 9. e3 h5 10.
Nf3 h4 11. Be5 g4 12. Nd2 Rh5 13. Bd3 Kf8 14. Bf4 Bd6 15. Bxd6+ Qxd6 16. a3 a6 17. Nb3 b6 18. O-O-O Be6 19. f3 Ne7 20. e4 Qf4+ 21. Kb1 gxf3 22. gxf3 Rg5 23. Ne2 Qe3 24. e5 Nh5 25. Rhg1 c5 26. Rxg5 Qxg5 27. dxc5 Rc8 28.
Rg1 Qe3 29. Bxa6 Bf5 30. Bxc8 Bxc2+ 31. Kxc2 Qxe2+ 32. Nd2 Nxc8 33. cxb6 Nxb6 0-1

[Event "Late-Titled-Tuesday-Blitz-January-23-2024"]
[Site "Chess.com"]
[Date "2024.01.23"]
[Round "6"]
[White "angelgab3"]
[Black "GiorgianBarbosa"]
[Result "1-0"]
[WhiteElo "2694"]
[BlackElo "2450"]
[TimeControl "180+1"]
[EndTime "15:04:47 PST"]
[Termination "angelgab3 won by checkmate"]

1. e4 c5 2. Nf3 g6 3. d4 cxd4 4. Nxd4 Bg7 5. c4 Nc6 6. Be3 Nf6 7. Nc3 O-O 8. Be2 Nxd4 9. Bxd4 d6 10. h3 Bd7 11. O-O Bc6 12. Qc2 a5 13. Rad1 a4 14. c5 Qa5 15. cxd6 exd6 16. a3 Rfe8 17. f3 Rac8 18. Qd2 d5 19. e5 Nd7 20. f4 Nc5 21. Qe3 Bf8 22. Bf3 Ne6 23. Bb6 Qa6 24. Bxd5 Red8 25.
Bxe6 Rxd1 26. Bxf7+ Kxf7 27. Rxd1 Qc4 28. Kh2 Bh6 29.
Rd4 Qb3 30. Rd2 Kg8 31. Bc5 Re8 32. Ne4 Qe6 33. Nf6+ Kf7 34. Nxe8 Kxe8 35. Qd4 Qf5 36. Qd8+ Kf7 37. Qe7+ Kg8 38. Rd8+ Bf8 39. Rxf8+ Qxf8 40. Qxf8# 1-0

[Event "Late-Titled-Tuesday-Blitz-January-23-2024"]
[Site "Chess.com"]
[Date "2024.01.23"]
[Round "6"]
[White "IndianSchoolOfSuffering"]
[Black "mightysmasher"]
[Result "1-0"]
[WhiteElo "2452"]
[BlackElo "2570"]
[TimeControl "180+1"]
[EndTime "15:04:48 PST"]
[Termination "IndianSchoolOfSuffering won by checkmate"]

1. c4 e6 2. d4 d5 3. Nf3 Be7 4. g3 Nf6 5. Bg2 O-O 6. O-O b6 7. Nc3 Bb7 8. Ne5 c6 9. Qa4 a6 10. cxd5 Nxd5 11. e4 Nxc3 12. bxc3 b5 13. Qb3 Nd7 14. f4 Nxe5 15. fxe5 c5 16. d5 exd5 17. exd5 c4 18. Qd1 Bc5+ 19. Kh1 Qe7 20. Bf4 Rad8 21. d6 Bxg2+ 22. Kxg2 Qe6 23. a4 f6 24. exf6 Rxf6 25.
Re1 Qd7 26. Qd5+ Kh8 27. Qxc5 Qb7+ 28. Kg1 Rdf8 29. axb5 axb5 30. Rad1 Qd7 31. Rd4 h6 32. Qd5 Kh7 33. Re7 Qg4 34. Qe4+ Kh8 35. Qe2 Qh3 36. Re8 Rxe8 37. Qxe8+ Kh7 38. d7 Ra6 39. Qe4+ Rg6 40. d8=Q h5 41. Rd6 Qg4 42. Qde8 h4 43. Q8xg6+ Qxg6 44. Qxg6+ Kh8 45. Rd8# 1-0

[Event "Late-Titled-Tuesday-Blitz-January-23-2024"]
[Site "Chess.com"]
[Date "2024.01.23"]
[Round "6"]
[White "ural58"]
[Black "aghasiyevkamal"]
[Result "1-0"]
[WhiteElo "2463"]
[BlackElo "2613"]
[TimeControl "180+1"]
[EndTime "15:04:48 PST"]
[Termination "ural58 won on time"]

1. e4 e5 2. f4 d5 3. exd5 exf4 4. Nf3 Nf6 5. Bb5+ c6 6. dxc6 Nxc6 7. Nc3 Bd6 8. Qe2+ Be6 9. Nd4 O-O 10. Nxe6 fxe6 11. Bxc6 bxc6 12. b3 e5 13. Bb2 Qa5 14. O-O-O Ba3 15. Rhe1 Bxb2+ 16. Kxb2 Rfe8 17. Qc4+ Kh8 18. Qxc6 Rad8 19. Qb5 Qc7 20. Qc4 Qxc4 21. bxc4 e4 22.
d3 e3 23. Ne2 g5 24. Rf1 Ng4 25. h4 Nf2 26. Rde1 h6 27. hxg5 hxg5 28. Kc3 Kg7 29. Rb1 Rd7 30. Rb5 Kg6 31. Rfb1 Rh8 32. Ra5 Rh2 33. Ra6+ Kg7 34. Rg1 Rf7 35. c5 g4 36. c6 Kg8 37. Ra5 Kf8 38. Rc5 Rhh7 39.
Nxf4 Rxf4 40. c7 Rxc7 41. Rxc7 Ra4 42. Kb3 Ra6 43. Rb7 g3 44. Rb4 Re6 45. Re1 Ke7 46. Rb7+ Kf6 47. Rxa7 Kf5 48. Rg7 Kf4 49. d4 e2 50. d5 Re8 51. d6 1-0

[Event "Late-Titled-Tuesday-Blitz-January-23-2024"]
[Site "Chess.com"]
[Date "2024.01.23"]
[Round "6"]
[White "yobdc"]
[Black "FontVella8"]
[Result "0-1"]
[WhiteElo "2546"]
[BlackElo "2746"]
[TimeControl "180+1"]
[EndTime "15:04:50 PST"]
[Termination "FontVella8 won by resignation"]

1. d4 d5 2. c4 e6 3. Nc3 Nf6 4. cxd5 exd5 5. Bg5 c6 6. e3 h6 7. Bh4 Be7 8. Bd3 O-O 9. Nge2 Re8 10. Qc2 a5 11. f3 Na6 12. a3 Nc7 13. O-O c5 14. Bf2 c4 15. Bf5 b5 16. Bxc8 Qxc8 17. e4 b4 18. Na4 Qe6 19. e5 Nd7 20. f4 Qc6 21. axb4 axb4 22. b3 Nb5 23. f5 Bf8 24.
Rfc1 Na3 25. Qd1 Rxa4 26. bxa4 b3 27. Nc3 b2 28. Rxa3 Bxa3 29. Rb1 Rb8 30. Nb5 Rxb5 31.
axb5 Qxb5 32. Qc2 Nb6 33. Be1 Qa4 34. Qf2 Qb3 35. e6 c3 36. Bxc3 Qxc3 37. Qe1 Qxe1+ 38.
Rxe1 fxe6 39. fxe6 Kf8 40. Kf2 Na4 41. Ke3 Nc3 42.
Kd3 b1=Q+ 43. Rxb1 Nxb1 44. Kc2 Ke7 45. Kxb1 Kxe6 46. Kc2 Bd6 47. Kd3 Bxh2 48. Ke2 Kf5 49. Kf3 h5 0-1

[Event "Late-Titled-Tuesday-Blitz-January-23-2024"]
[Site "Chess.com"]
[Date "2024.01.23"]
[Round "6"]
[White "chegueps"]
[Black "Bkmzzzzz"]
[Result "1-0"]
[WhiteElo "2672"]
[BlackElo "2424"]
[TimeControl "180+1"]
[EndTime "15:04:50 PST"]
[Termination "chegueps won on time"]

1. d4 d5 2. Nf3 Nf6 3. e3 e6 4.
Bd3 Be7 5. O-O O-O 6. b3 c5 7.
Bb2 b6 8. Nbd2 Bb7 9. Ne5 Nc6 10.
f4 Nxe5 11. fxe5 Ne4 12. Nxe4 dxe4 13. Bc4 Qd7 14. Qe2 a6 15. a4 f5 16. exf6 Bxf6 17.
Rad1 Qe7 18. Ba3 Kh8 19. Qh5 Rac8 20. Qg4 Rfe8 21. Qh5 Qc7 22. dxc5 bxc5 23. Rxf6 gxf6 24. Bb2 e5 25. Rf1 Qg7 26. Qh4 Rf8 27. Be6 Rc6 28. Bf5 Rd6 29. Bc3 Bc8 30. Bxe4 Be6 31. Bd3 Bd5 32.
Bxe5 fxe5 33. Rxf8+ Bg8 34. Rf3 Rd7 35. Rg3 1-0

[Event "Late-Titled-Tuesday-Blitz-January-23-2024"]
[Site "Chess.com"]
[Date "2024.01.23"]
[Round "6"]
[White "ukchessbomber"]
[Black "Eloist"]
[Result "1-0"]
[WhiteElo "2691"]
[BlackElo "2433"]
[TimeControl "180+1"]
[EndTime "15:04:51 PST"]
[Termination "ukchessbomber won on time"]

1. c4 e5 2. b3 g6 3. Bb2 Bg7 4. e3 Ne7 5. Nf3 d6 6. Be2 O-O 7. d4 e4 8. Nfd2 f5 9. O-O c6 10. b4 a5 11. a3 axb4 12. axb4 Rxa1 13. Bxa1 Na6 14. Bc3 Nc7 15. f3 d5 16. cxd5 Nexd5 17. Bc4 Be6 18. fxe4 Nxe3 19. Bxe6+ Nxe6 20. Qb3 Nxf1 21. Qxe6+ Kh8 22. Nxf1 Bxd4+ 23. Kh1 fxe4 24. Ng3 Bxc3 25.
Nxc3 Qd4 26. Nce2 Qa1+ 27. Ng1 Qd4 28. h4 Qxb4 29. h5 Qd4 30. h6 Qf6 31. Qxe4 b5 32. Nf3 c5 33. Qb7 b4 34. Ne4 Qf7 35. Qb6 b3 36.
Qxc5 1-0

[Event "Late-Titled-Tuesday-Blitz-January-23-2024"]
[Site "Chess.com"]
[Date "2024.01.23"]
[Round "6"]
[White "mjelcic"]
[Black "Walter_White_Poland"]
[Result "1/2-1/2"]
[WhiteElo "2218"]
[BlackElo "2339"]
[TimeControl "180+1"]
[EndTime "15:04:51 PST"]
[Termination "Game drawn by repetition"]

1. c4 c5 2. Nc3 Nc6 3. g3 e5 4. Bg2 g6 5. e4 Bg7 6. Nge2 d6 7. O-O f5 8. d3 Nf6 9. f4 O-O 10. h3 Nd4 11. Kh2 Rb8 12. Be3 a6 13. a4 h6 14.
Nd5 Kh7 15. Bxd4 cxd4 16. Qd2 a5 17. b4 axb4 18. Qxb4 fxe4 19. Nxf6+ Bxf6 20. Bxe4 Bf5 21. Bxf5 gxf5 22. fxe5 Bxe5 23. Nf4 Qg5 24. Rf3 Rg8 25. Rg1 h5 26. h4 Qg4 27. Rf2 Rg7 28. a5 Re8 29.
Qd2 Reg8 30. Rfg2 Bxf4 31. Qxf4 Qxf4 32. gxf4 Rg4 33. Rxg4 hxg4 34. Re1 Rg7 35. Re6 Rg6 36. Re7+ Rg7 37. Re6 Rg6 38. Re7+ Rg7 39. Re6 1/2-1/2

[Event "Late-Titled-Tuesday-Blitz-January-23-2024"]
[Site "Chess.com"]
[Date "2024.01.23"]
[Round "6"]
[White "NitaLucian"]
[Black "shirovin"]
[Result "1-0"]
[WhiteElo "2305"]
[BlackElo "2005"]
[TimeControl "180+1"]
[EndTime "15:04:51 PST"]
[Termination "NitaLucian won on time"]

1. e4 d6 2. d3 Nf6 3. Nd2 e5 4.
Ngf3 g6 5. Be2 Bg7 6. O-O O-O 7. c3 Nc6 8. d4 Bd7 9. d5 Ne7 10. c4 Nh5 11. Ne1 Nf4 12. f3 f5 13. Nd3 Nxe2+ 14.
Qxe2 f4 15. c5 g5 16. cxd6 cxd6 17. Nc4 b5 18. Nd2 h5 19. Nb3 Ng6 20. Bd2 Rf7 21. Ba5 Qe7 22. Rac1 Bf8 23. Rc7 Rg7 24. Nb4 g4 25.
Nc6 Qh4 26. Be1 Qg5 27. Rxd7 Rxd7 28. Qxb5 gxf3 29. Rxf3 Rg7 30. Qe2 Nh4 31. Bxh4 Qxh4 32. Rh3 Qg5 33. Rxh5 Qg6 34. Rf5 a5 35. Nbxa5 Rh7 36.
b4 Qh6 37. Qg4+ Kh8 38. h3 Rg7 39. Qh5 Qxh5 40. Rxh5+ Kg8 41. b5 f3 42. g4 Rf7 43.
Rf5 Rxf5 44. gxf5 Bh6 45. Kf2 Kh7 46. b6 Rg8 47. b7 Rg2+ 48. Kxf3 Rb2 49. b8=Q 1-0

[Event "Late-Titled-Tuesday-Blitz-January-23-2024"]
[Site "Chess.com"]
[Date "2024.01.23"]
[Round "6"]
[White "Knjazj"]
[Black "mfwagnerpeixoto"]
[Result "0-1"]
[WhiteElo "2037"]
[BlackElo "2322"]
[TimeControl "180+1"]
[EndTime "15:04:52 PST"]
[Termination "mfwagnerpeixoto won by checkmate"]

1. e4 c5 2. Nf3 e6 3. c3 Nf6 4. d3 Nc6 5. Bg5 d6 6. Be2 Be7 7. Nbd2 h6 8. Bh4 O-O 9. O-O b5 10. a4 b4 11. Nc4 Ba6 12. a5 Bxc4 13. dxc4 Nxe4 14. Bxe7 Qxe7 15. cxb4 Nxb4 16. Re1 Nf6 17. Nd2 Qc7 18. Bf3 Rab8 19. b3 Nd3 20. Re3 Ne5 21. Be2 Nc6 22. a6 Nd4 23. Rg3 Rfd8 24. Rb1 d5 25.
Nf3 dxc4 26. Bxc4 Nxb3 27. Qc2 Nd4 28. Nxd4 Rxb1+ 29. Qxb1 cxd4 30. Bf1 Rb8 31. Qd3 e5 32. Qf3 e4 33. Qf5 Qd6 34. h4 d3 35. Re3 d2 36.
Be2 Rb1+ 37. Bf1 d1=Q 38. Qc8+ Qd8 39. Qxd8+ Qxd8 40. g3 Qd1 41. Kg2 Qxf1+ 42. Kh2 Qxf2+ 43. Kh3 Rh1# 0-1

[Event "Late-Titled-Tuesday-Blitz-January-23-2024"]
[Site "Chess.com"]
[Date "2024.01.23"]
[Round "6"]
[White "Durarbayli"]
[Black "ArtemDyachuk"]
[Result "0-1"]
[WhiteElo "2853"]
[BlackElo "2634"]
[TimeControl "180+1"]
[EndTime "15:04:53 PST"]
[Termination "ArtemDyachuk won by resignation"]

1. e4 e5 2. Nc3 Nc6 3. f4 exf4 4. d4 Qh4+ 5. Ke2 d6 6. Nf3 Bg4 7. Bxf4 Nf6 8. Ke3 Qh5 9. h3 Bxf3 10. Qxf3 Qa5 11. d5 Ne5 12. Bxe5 dxe5 13. Qf5 Bd6 14.
Kd2 O-O 15. Bd3 b5 16. Kc1 Rab8 17. Rf1 b4 18. Ne2 b3 19. Qg5 bxa2 20. c3 Nd7 21.
Ng3 f6 22. Qe3 Nc5 23. b4 Qa3+ 24. Kc2 Qb3+ 25. Kd2 Qb2+ 26. Bc2 Nb3+ 27. Kd3 Nxa1 28. Qc1 Qxc1 29. Rxc1 Nxc2 30. Kxc2 a5 31. Kb3 axb4 32. c4 Ra8 33. Ra1 Ra3+ 0-1

[Event "Late-Titled-Tuesday-Blitz-January-23-2024"]
[Site "Chess.com"]
[Date "2024.01.23"]
[Round "6"]
[White "Doomfist26"]
[Black "GMRAVEN_ON_YOUTUBE"]
[Result "1-0"]
[WhiteElo "2616"]
[BlackElo "2824"]
[TimeControl "180+1"]
[EndTime "15:04:55 PST"]
[Termination "Doomfist26 won by resignation"]

1. e4 c5 2. Nf3 e6 3. d4 cxd4 4. Nxd4 Nc6 5. Nc3 Qc7 6. a3 a6 7. Be3 b5 8. Nxc6 Qxc6 9. Bd3 Bb7 10. f4 Bc5 11. Qf3 d6 12. O-O Nf6 13. f5 Bxe3+ 14.
Qxe3 Qc5 15. Qxc5 dxc5 16. fxe6 fxe6 17. e5 Ng4 18. Ne4 Bxe4 19. Bxe4 Rb8 20. Rad1 Ke7 21. Rd6 Nxe5 22. Rxa6 Rhd8 23. Re1 g6 24. Bd3 Rd5 25.
Bf1 Rd6 26. Ra5 Nc6 27. Rxb5 Rxb5 28. Bxb5 Nd4 29. Bd3 c4 30. Bxc4 Nxc2 31. Re2 Nd4 32. Re4 Kf6 33. Kf2 e5 34. b3 Rb6 35. Re3 Nc2 36.
Rf3+ Kg5 37. a4 Nd4 38. Rg3+ Kf5 39. Rh3 h5 40. a5 Rc6 41. a6 Rc5 42. Rc3 Ra5 43.
b4 Ra1 44. b5 Kf4 45. b6 Rb1 46. a7 Rb2+ 47. Ke1 Nc2+ 48. Rxc2 Rxc2 49. a8=Q 1-0

[Event "Late-Titled-Tuesday-Blitz-January-23-2024"]
[Site "Chess.com"]
[Date "2024.01.23"]
[Round "6"]
[White "jinxy2009"]
[Black "NtcPou"]
[Result "1/2-1/2"]
[WhiteElo "2208"]
[BlackElo "2011"]
[TimeControl "180+1"]
[EndTime "15:04:55 PST"]
[Termination "Game drawn by repetition"]

1. e4 c6 2. d4 d5 3. e5 Bf5 4. h4 h5 5. Bd3 Bxd3 6. Qxd3 Qa5+ 7. Nd2 e6 8. Nf3 Qa6 9. c4 Bb4 10. O-O Ne7 11. a3 Bxd2 12. Nxd2 Nf5 13. b4 dxc4 14. Nxc4 O-O 15. Be3 Nd7 16. Rac1 Nb6 17. Rfd1 Nxc4 18. Qxc4 Qxc4 19. Rxc4 Nxh4 20. a4 Nf5 21. b5 cxb5 22.
axb5 Rac8 23. Rdc1 Rxc4 24. Rxc4 Rd8 25. Kf1 Rd7 26.
Ke2 f6 27. exf6 gxf6 28. Rc8+ Kf7 29. Rh8 Kg6 30. Ra8 b6 31. Rg8+ Kh7 32. Re8 Nxd4+ 33.
Bxd4 Rxd4 34. Re7+ Kg6 35. Rxa7 Rb4 36. Re7 e5 37. Re6 Rxb5 38. Ke3 Kf5 39. Rc6 Rb3+ 40. Ke2 Rb2+ 41. Kf3 b5 42. Rb6 b4 43. Ke3 Rb3+ 44.
Ke2 e4 45. g3 Rb2+ 46. Ke3 Rb3+ 47. Ke2 Rb2+ 48. Ke3 Rb3+ 49. Ke2 1/2-1/2